 Dungeon Crawl Stone Soup version 0.26-a0-611-g354ed81502 (webtiles) character file.

Game seed: 17890181015498708020

34554 MrRokkomies the Covert (level 13, -4/74 HPs)
             Began as an Octopode Brigand on Sept 6, 2020.
             Was a High Priest of Okawaru.
             Shot with a bolt by an orc knight (21 damage)
             ... on level 10 of the Dungeon on Sept 7, 2020.
             The game lasted 00:58:00 (18519 turns).

MrRokkomies the Covert (Octopode Brigand)          Turns: 18519, Time: 00:58:01

Health: -4/74      AC:  9    Str: 10    XL:     13   Next: 78%
Magic:  18/18      EV: 20    Int: 17    God:    Okawaru [*****.]
Gold:   824        SH:  0    Dex: 15    Spells: 0/12 levels left

rFire    + + .     SeeInvis +   a - +2 short sword (venom)
rCold    . . .     Faith    .   r - +2 buckler {AC+3}
rNeg     . . .     Spirit   .   K - +1 hat
rPois    .         Reflect  +   k - amulet of reflection
rElec    .         Harm     .   e - +4 ring of protection
rCorr    +                      m - ring of resist corrosion
MR       .....                  C - ring of stealth
Stlth    ++++......             G - ring of see invisible
HPRegen  0.22/turn              H - ring of protection from fire
MPRegen  0.16/turn              P - ring of protection from fire
                                (no ring)
                                (no ring)

@: confused, lethally poisoned (-4 -> -8), lightly drained
A: almost no armour, stealthy swim, amphibious, 8 rings, constrict 8, camouflage
1, gelatinous body 1
a: Heroism, Finesse, Renounce Religion


You were on level 10 of the Dungeon.
You worshipped Okawaru.
Okawaru was extremely pleased with you.
You visited 4 branches of the dungeon, and saw 18 of its levels.
You also visited: Gauntlet.

You collected 896 gold pieces.
You spent 72 gold pieces at shops.

Inventory:

Hand Weapons
 a - a +2 short sword of venom (weapon)
 i - a +1 demon whip of venom
 w - a +0 vorpal quick blade
Missiles
 b - 25 poisoned darts
 g - 32 javelins
 n - 14 boomerangs (quivered)
 J - 2 silver boomerangs
 T - a datura-tipped dart
Armour
 r - a +2 buckler of protection (worn)
 K - a +1 hat (worn)
Magical Staves
 y - an uncursed staff of death
Jewellery
 c - an uncursed ring of fire
 e - a +4 ring of protection (left tentacle)
 k - an amulet of reflection (around mantle)
 m - a ring of resist corrosion (right tentacle)
 q - the ring "Odiqedaj" {*Tele rPois}
   (You found it in a Gauntlet)

   [ring of teleportation]

   It may teleport you next to monsters.
   It protects you from poison.
 C - a ring of stealth (on tentacle)
 G - a ring of see invisible (on tentacle)
 H - a ring of protection from fire (on tentacle)
 N - an uncursed ring of stealth
 P - a ring of protection from fire (on tentacle)
 Q - an uncursed amulet of faith {unknown}
Wands
 d - a wand of disintegration (3)
 v - a wand of polymorph (7)
 D - a wand of iceblast (9)
 E - a wand of random effects (37)
 I - a wand of flame (52)
 M - a wand of digging (7)
 R - a wand of paralysis (8)
Scrolls
 f - 6 scrolls of teleportation
 o - 9 scrolls of remove curse
 p - 3 scrolls of enchant armour
 s - 2 scrolls of enchant weapon
 F - 2 scrolls of amnesia
 O - a scroll of magic mapping
Potions
 h - 3 potions of brilliance
 j - 6 potions of lignification
 l - 3 potions of cancellation
 u - 2 potions of haste
 x - a potion of mutation
 A - a potion of stabbing
 B - a potion of magic
 L - a potion of resistance
 S - a potion of might


   Skills:
 - Level 2.0(1.8) Fighting
 + Level 9.8(9.6) Short Blades
 * Level 13.5(13.3) Throwing
 - Level 11.0(10.7) Dodging
 + Level 14.0(13.7) Stealth
 - Level 4.0(3.7) Shields
 * Level 6.8(6.5) Invocations


You couldn't memorise any spells.
You knew the following spells:

 Your Spells              Type           Power        Failure   Level
a - Confusing Touch       Hex            #.......     56%         3
b - Stone Arrow           Conj/Erth      #.....       56%         3
c - Petrify               Tmut/Erth      #.......     93%         4
d - Blink                 Tloc           N/A          34%         2

Your spell library contained the following spells:

 Spells                   Type           Power        Failure   Level
 Beastly Appendage        Tmut           #.....       24%         1
 Corona                   Hex            #......      24%         1
 Freeze                   Ice            #...         24%         1
 Sandblast                Erth           #.....       24%         1
 Shock                    Conj/Air       #...         24%         1
 Ensorcelled Hibernation  Hex/Ice        #.....       34%         2
 Swiftness                Air            #.......     34%         2
 Wereblood                Tmut           #.......     34%         2
 Dazzling Flash           Conj/Hex       #.....       56%         3
 Gell's Gravitas          Tloc           #.........   56%         3
 Inner Flame              Hex/Fire       #.......     56%         3
 Lesser Beckoning         Tloc           #.........   56%         3
 Spider Form              Tmut/Pois      #.........   56%         3
 Static Discharge         Conj/Air       #.......     56%         3
 Teleport Other           Tloc           #.......     56%         3
 Tukima's Dance           Hex            #.......     56%         3
 Airstrike                Air            #.........   93%         4
 Ice Form                 Ice/Tmut       #.......     93%         4
 Passage of Golubria      Tloc           N/A          93%         4
 Alistair's Intoxication  Tmut/Pois      #........    100%        5
 Blade Hands              Tmut           #.........   100%        5
 Bolt of Magma            Conj/Fire/Erth #.........   100%        5
 Lightning Bolt           Conj/Air       #.........   100%        5
 Yara's Violent Unravell  Hex/Tmut       #.........   100%        5
 Eringya's Noxious Bog    Tmut/Pois      #.........   100%        6
 Ozocubu's Refrigeration  Ice            #.........   100%        6
 Statue Form              Tmut/Erth      #........    100%        6


Dungeon Overview and Level Annotations

Branches:
Dungeon (10/15)            Temple (1/1) D:5            Lair (6/6) D:8
 Shoals (0/4) Lair:4        Snake (0/4) Lair:4        Slime (0/5) Lair:5
    Orc (1/2) D:10        Gauntlet (visited)

Altars:
Ashenzari
Dithmenos
Elyvilon
Makhleb
Okawaru
Qazlal
Ru
Sif Muna
Vehumet
Wu Jian
Yredelemnul
The Shining One
Jiyva

Shops:
D:6 *!   D:7 (([(

Annotations:
D:4 2 runed translucent doors, rasy's ghost, amateur FoFi
D:5 3 runed translucent doors, MrRokkomies's ghost, amateur OpEE
D:6 1 runed translucent door
Lair:5 exclusion: 3 oklob plants


Innate Abilities, Weirdness & Mutations

You cannot wear most types of armour.
You are very stealthy in the water. (Stealth+)
You are amphibious.
You can wear up to eight rings at the same time.
You can use your tentacles to constrict eight enemies at once.
Your skin changes colour to match your surroundings (Stealth+).
Your rubbery body absorbs attacks. (AC +1, EV +1)


Message History

Aim: an orc knight, wielding a +0 arbalest, wearing a +0 chain mail and quivering 15 bolts (severely wounded, extremely poisoned, chance to defeat MR: 28%)
The orc knight easily resists.
You feel sick.
Evoke which item? (* to show all) (? for menu, Esc to quit)
Aiming: Paralyse
Press: ? - help, Shift-Dir - straight line, f/p - orc knight
Aim: an orc knight, wielding a +0 arbalest, wearing a +0 chain mail and quivering 15 bolts (severely wounded, extremely poisoned, chance to defeat MR: 28%)
The orc knight easily resists.
You feel sick.
The orc knight shoots a bolt.
The bolt hits you!
* * * LOW HITPOINT WARNING * * *
Okay, then.
Okay, then.
You are confused.
You feel invigorated.
* * * LOW HITPOINT WARNING * * *
You feel sick.
The orc knight shoots a bolt.
The bolt barely misses you.
Unknown command.
You feel sick.
The orc knight shoots a bolt.
The bolt closely misses you.
You feel sick.
The orc knight shoots a bolt.
The bolt hits you!!
You die...

#..........!....###......
#...............# ###'###
###########o##### #....
#####...# ##### #.....###
####### ##(#######
####......
#..o.....####.........
#........'....##......
#....@...#######......
#........# #......
#......(.# #......
#####'#### ####.## #.#
#.# #####.# #.## #.....#
#... ####.######## ###.
#...<.......# #.


You could see an orc knight (extremely poisoned).

Vanquished Creatures
  Rupert (Lair:4)
  A minotaur (Gauntlet)
  Josephine (Orc:1)
  4 hydras
  A catoblepas (Lair:6)
  2 two-headed ogres
  Erica (D:8)
  A death yak (Lair:6)
  A thrashing horror (Gauntlet)
  Nergalle (D:10)
  A lindwurm (Lair:6)
  Pikel (D:4)
  3 elephants
  2 black mambas
  11 cane toads
  Maggie (D:6)
  4 komodo dragons
  A rime drake (Lair:4)
  A troll (D:9)
  A polar bear (Lair:4)
  13 blink frogs
  7 hippogriffs
  A wraith (D:10)
  2 wyverns
  10 yaks
  2 basilisks
  2 nagas (Lair:4)
  An acid dragon (Gauntlet)
  5 water moccasins
  5 porcupines
  3 orc warriors
  3 small abominations (Gauntlet)
  3 ice beasts
  3 sky beasts
  A phantom (D:9)
  A black bear (Lair:6)
  3 ogres
  5 centaurs
  14 wolves
  4 crocodiles
  11 bullfrogs
  2 scorpions
  14 killer bees
  13 wights
  2 electric eels (Lair:5)
  3 howler monkeys (D:7)
  A quasit (D:9)
  2 bullfrog zombies (D:10)
  A centaur zombie (D:5)
  2 jellies
  6 orc priests
  4 hounds
  A centaur skeleton (D:5)
  4 orc wizards
  A bullfrog skeleton (D:7)
  Jessica (D:3)
  14 worker ants
  Ijyb (D:4)
  8 iguanas
  2 hound zombies (D:6)
  11 adders
  3 white imps
  2 ufetubi
  An adder zombie (D:7)
  5 worms (D:3)
  2 dart slugs
  5 leopard geckos
  30 orcs
  7 bats
  10 giant cockroaches
  7 goblins (D:2)
  8 hobgoblins
  12 jackals
  2 quokkas (D:2)
  2 ball pythons
  A ball python skeleton (D:5)
  A frilled lizard (D:1)
  4 kobolds
  A quokka skeleton (D:6)
  7 rats
342 creatures vanquished.

Vanquished Creatures (collateral kills)
  A death yak (Lair:6)
  A deep troll shaman (Lair:6)
  A two-headed ogre (Orc:1)
  An orc sorcerer (Orc:1)
  2 elephants (Lair:6)
  A wraith (Orc:1)
  2 orc warriors (Orc:1)
  An ogre (Orc:1)
  2 orc wizards (Orc:1)
  3 orcs (Orc:1)
15 creatures vanquished.

Vanquished Creatures (others)
  A death yak (Lair:6)
  An unseen horror (D:10)
  35 fungi
  37 plants
74 creatures vanquished.

Grand Total: 431 creatures vanquished

Notes
Turn   | Place    | Note
-------+----------+-------------------------------------------
     0 | D:1      | MrRokkomies the Octopode Brigand began the quest for the
                  | Orb.
     0 | D:1      | Reached XP level 1. HP: 14/14 MP: 1/1
   316 | D:1      | Reached XP level 2. HP: 17/19 MP: 2/2
  1239 | D:2      | Reached XP level 3. HP: 21/24 MP: 3/3
  1507 | D:2      | Reached skill level 1 in Shields
  1584 | D:2      | Found a burning altar of Makhleb.
  1661 | D:2      | Reached XP level 4. HP: 24/29 MP: 4/4
  1923 | D:3      | Found a stormy altar of Qazlal.
  2023 | D:3      | Noticed Jessica
  2029 | D:3      | Killed Jessica
  2100 | D:3      | Found a shattered altar of Ashenzari.
  2183 | D:3      | Reached XP level 5. HP: 34/34 MP: 5/5
  2264 | D:3      | Reached skill level 6 in Stealth
  2492 | D:4      | Found a large runed translucent door.
  2492 | D:4      | Found a large runed translucent door.
  2511 | D:4      | Reached XP level 6. HP: 28/39 MP: 6/6
  2511 | D:4      | Noticed Ijyb
  2524 | D:4      | Killed Ijyb
  2812 | D:4      | Noticed rasy's ghost (amateur FoFi)
  2931 | D:4      | Reached XP level 7. HP: 25/45 MP: 7/7
  2935 | D:4      | Noticed Pikel
  2945 | D:4      | Killed Pikel
  2945 | D:4      | Reached skill level 7 in Stealth
  2945 | D:4      | Reached XP level 8. HP: 20/50 MP: 8/8
  3231 | D:4      | Found an ornate altar of the Wu Jian Council.
  3744 | D:5      | Entered Level 5 of the Dungeon
  3931 | D:5      | Found a runed translucent gate.
  3933 | D:5      | Found a runed translucent gate.
  3933 | D:5      | Found a runed translucent gate.
  4254 | D:5      | Found a staircase to the Ecumenical Temple.
  4261 | Temple   | Entered the Ecumenical Temple
  4296 | Temple   | Became a worshipper of Warmaster Okawaru
  4395 | D:5      | Reached skill level 8 in Stealth
  4562 | D:5      | Noticed MrRokkomies's ghost (amateur OpEE)
  4686 | D:6      | Noticed Maggie
  4698 | D:6      | Killed Maggie
  4698 | D:6      | Reached * piety under Okawaru
  4698 | D:6      | Reached skill level 5 in Short Blades
  4698 | D:6      | Reached XP level 9. HP: 37/54 MP: 9/9
  5161 | D:6      | Found a runed translucent door.
  5178 | D:6      | Found a runed translucent door.
  5325 | D:6      | Reached skill level 5 in Dodging
  5363 | D:6      | Found Vuveol's Distillery.
  5371 | D:6      | Bought 2 potions of curing for 72 gold pieces
  5392 | D:6      | Found Muezxidwo's Assorted Antiques.
  5602 | D:7      | Reached skill level 9 in Stealth
  5616 | D:6      | Reached ** piety under Okawaru
  6065 | D:7      | Found Likh's Weapon Emporium.
  6203 | D:7      | Found Deigoyh's Antique Weapon Shoppe.
  6503 | D:7      | Found Zer Ummergh's Antique Armour Boutique.
  6706 | D:7      | Found Zoug Nene's Antique Weapon Emporium.
  6978 | D:8      | Found a shadowy altar of Dithmenos.
  7068 | D:8      | Found a staircase to the Lair.
  7115 | D:8      | Noticed Erica
  7122 | D:8      | Killed Erica
  7122 | D:8      | Reached *** piety under Okawaru
  7122 | D:8      | Reached XP level 10. HP: 60/60 MP: 10/10
  7250 | D:8      | Reached skill level 10 in Stealth
  7449 | D:8      | Noticed a two-headed ogre
  7470 | D:8      | Killed a two-headed ogre
  7959 | D:9      | Reached **** piety under Okawaru
  8078 | D:9      | Identified the Collected Works on Shape Shifting and the
                  | Voyage
  8361 | D:9      | Reached skill level 10 in Throwing
  8788 | D:9      | Reached XP level 11. HP: 54/64 MP: 11/11
  9085 | D:9      | Noticed a two-headed ogre
  9089 | D:9      | Received a gift from Okawaru
  9104 | D:9      | Killed a two-headed ogre
  9104 | D:9      | Reached skill level 11 in Stealth
  9187 | D:10     | Entered Level 10 of the Dungeon
  9207 | D:10     | Noticed Nergalle
  9213 | D:10     | Killed Nergalle
  9275 | D:10     | Killed an unseen horror
  9536 | D:10     | Reached ***** piety under Okawaru
 10047 | D:10     | Found a staircase to the Orcish Mines.
 10056 | Orc:1    | Entered Level 1 of the Orcish Mines
 10056 | Orc:1    | Noticed an orc sorcerer
 10168 | Lair:1   | Entered Level 1 of the Lair of Beasts
 10543 | Lair:1   | Received a gift from Okawaru
 11138 | Lair:2   | Reached XP level 12. HP: 63/70 MP: 12/12
 11146 | Lair:2   | Reached skill level 12 in Stealth
 11282 | Lair:2   | Reached skill level 10 in Dodging
 11358 | Lair:2   | Noticed an eight-headed hydra
 11375 | Lair:2   | Killed an eight-headed hydra
 12396 | Lair:3   | Found a basalt altar of Yredelemnul.
 12402 | Lair:3   | You fall into a shaft and drop 2 floors!
 12569 | Lair:4   | Found a staircase to the Snake Pit.
 12609 | Lair:4   | Received a gift from Okawaru
 12904 | Lair:4   | Found a gate leading to a gauntlet.
 12914 | Gauntlet | Entered a Gauntlet
 12914 | Gauntlet | Found a transporter.
 12914 | Gauntlet | Found a transporter.
 12914 | Gauntlet | Found a transporter.
 12915 | Gauntlet | Found a transporter.
 12916 | Gauntlet | Found a transporter.
 12919 | Gauntlet | Found a transporter.
 12924 | Gauntlet | Noticed a death ooze
 12925 | Gauntlet | Found a transporter.
 12927 | Gauntlet | Found a transporter.
 12928 | Gauntlet | Found a transporter.
 12930 | Gauntlet | Found a transporter.
 12934 | Gauntlet | Noticed a thrashing horror
 12936 | Gauntlet | Found a runed translucent gate.
 12938 | Gauntlet | Found a transporter.
 12939 | Gauntlet | Found a runed translucent gate.
 12940 | Gauntlet | Found a runed translucent gate.
 12941 | Gauntlet | Found a transporter.
 12944 | Gauntlet | Noticed a blizzard demon
 13304 | Gauntlet | Identified the Grimoire of the Entrancing Mountains
 13389 | Gauntlet | Killed a thrashing horror
 13389 | Gauntlet | Received a gift from Okawaru
 13436 | Gauntlet | Got a wavering turquoise ring
 13437 | Gauntlet | Identified the ring "Odiqedaj" {*Tele rPois} (You found it
                  | in a Gauntlet)
 13453 | Gauntlet | Noticed a minotaur
 13481 | Gauntlet | Killed a minotaur
 13481 | Gauntlet | Reached skill level 1 in Invocations
 13699 | Gauntlet | Identified the Compendium of Congealing Stones
 13947 | Lair:4   | Reached skill level 13 in Stealth
 14238 | Lair:4   | Learned a level 3 spell: Confusing Touch
 14242 | Lair:4   | Learned a level 3 spell: Stone Arrow
 14247 | Lair:4   | Learned a level 4 spell: Petrify
 14465 | Lair:4   | Noticed Rupert
 14538 | Lair:4   | Killed Rupert
 14538 | Lair:4   | Received a gift from Okawaru
 14538 | Lair:4   | Reached ****** piety under Okawaru
 14538 | Lair:4   | Reached XP level 13. HP: 35/74 MP: 14/16
 14781 | Lair:4   | Found a staircase to the Shoals.
 15231 | Lair:5   | Found a viscous altar of Jiyva.
 15231 | Lair:5   | Found a staircase to the Slime Pits.
 15870 | Lair:6   | Entered Level 6 of the Lair of Beasts
 16017 | Lair:6   | Received a gift from Okawaru
 16064 | Lair:6   | Reached skill level 5 in Invocations
 17443 | Lair:6   | Learned a level 2 spell: Blink
 17559 | Lair:6   | Received a gift from Okawaru
 17940 | Lair:6   | Received a gift from Okawaru
 18260 | Orc:1    | Noticed Josephine
 18271 | Orc:1    | Killed Josephine
 18271 | Orc:1    | Reached skill level 14 in Stealth
 18519 | D:10     | Shot with a bolt by an orc knight

Illustrated notes

Levels and vault maps discovered:
D:1:      dpeg_arrival_round_a, layout_loops_cross
D:2:      layout_rooms, lemuel_crystal_altar, serial_bayou_pond_d
D:3:      layout_loops_ring, ashenzari_conservatory_becter, grunt_qazlal_clouds,
          uniq_jessica
D:4:      corexii_shack_village, layout_basic, kennysheep_mini, enter_ossuary_5,
          ebering_ghost_disaster_area, bh_walls_and_bars, uniq_ijyb, uniq_pikel
D:5:      layout_cave_pools, nicolae_overflow_hidden_temple, temple_doors_cd,
          gammafunk_ghost_necromancy
D:6:      lemuel_insect_pit, layout_cave_pools, serial_shops, shop, shop,
          uniq_maggie
D:7:      layout_cave_pools, serial_shops, shop, shop, shop,
          nicolae_shop_window_shopping
D:8:      layout_loops_cross, nicolae_dithmenos_the_darkroom, lair_entry_dummy,
          uniq_erica
D:9:      layout_roguey
D:10:     layout_roguey, orc_0_dummy, corexii_leaking_fountain, uniq_nergalle
Temple:   bh_familiar_temple
Lair:1:   layout_roguey
Lair:2:   layout_roguey, grunt_megastairs_4
Lair:3:   layout_chaotic_city, basic_altar
Lair:4:   layout_regular_city, elwin_shoals_entry_rooms,
          guppyfry_snake_entry_garden, gauntlet_entry_generic, uniq_rupert
Lair:5:   wander_river, layout_small_grid, slime_altar_1,
          dpeg_stationary_puzzle, minmay_lair_oklob_chamber
Lair:6:   grunt_lair_end_beastmaster, layout_hall_layers
Orc:1:    layout_diamond_mine, uniq_josephine

Skill      XL: |  1  2  3  4  5  6  7  8  9 10 11 12 13 |
---------------+----------------------------------------+-----
Shields        | 1 2 3 4 |  4.0
Throwing       | 3 4 6 7 9 10 11 12 13 | 13.5
Stealth        | 6 7 8 9 10 11 13 14 | 14.0
Short Blades   | 3 4 5 6 8 9 |  9.8
Dodging        | 4 6 8 9 11 | 11.0
Invocations    | 4 6 |  6.8
Fighting       | |  2.0

Action                   |  1- 3 |  4- 6 |  7- 9 | 10-12 | 13-15 || total
-------------------------+-------+-------+-------+-------+-------++-------
Melee: Dagger            |    40 |       |       |       |       ||    40
       Constrict         |    18 |    13 |    43 |    62 |    21 ||   157
       Tentacles         |    10 |    12 |    31 |   113 |    47 ||   213
       Short sword       |    29 |    65 |   208 |   673 |   154 ||  1129
       Punch             |       |       |       |     2 |       ||     2
Throw: Boomerang         |       |    32 |    43 |   226 |    50 ||   351
       Dart              |       |     4 |     6 |     8 |    16 ||    34
       Javelin           |       |     1 |       |    19 |    42 ||    62
Invok: Heroism           |       |       |       |     3 |       ||     3
Evoke: Wand              |       |       |     2 |     3 |     6 ||    11
  Use: Scroll            |       |     7 |     6 |    18 |     2 ||    33
       Potion            |       |     1 |       |    17 |     2 ||    20
 Stab: Sleeping          |     9 |    10 |    24 |    34 |     7 ||    84
       Distracted        |       |       |     1 |       |       ||     1
       Paralysed         |       |       |       |       |     1 ||     1
Armor: Skin              |    19 |     6 |    24 |    92 |    20 ||   161
Dodge: Dodged            |    54 |    35 |   112 |   325 |    80 ||   606
Block: Buckler           |     5 |    12 |    58 |   205 |    64 ||   344
       Reflection        |       |       |       |     4 |     2 ||     6

Table legend: (Time is in decaauts)
 A = Elapsed time spent in this place.
 B = Non-inter-level travel time spent in this place.
 C = Inter-level travel time spent in this place.
 D = Time resting spent in this place.
 E = Time spent auto-exploring this place.
 F = Levels seen in this place.
 G = Mean time per level.
                   A        B        C        D        E       F      G
               +--------+--------+--------+--------+--------+-----+--------+
         Total |  18143 |  17331 |    812 |   2211 |  11932 |  19 |  954.9 |
       Dungeon |  10330 |   9923 |    407 |   1383 |   6806 |  10 | 1033.0 |
        Temple |     49 |     35 |     14 |      0 |     26 |   1 |   49.0 |
          Lair |   6924 |   6534 |    390 |    412 |   4964 |   6 | 1154.0 |
  Orcish Mines |     55 |     55 |      0 |      0 |      2 |   1 |   55.0 |
      Gauntlet |    784 |    784 |      0 |    415 |    134 |   1 |  784.0 |
               +--------+--------+--------+--------+--------+-----+--------+

Top non-repeatable levels by time:
  Lair:6: 2073 daAuts
  Lair:4: 1721 daAuts
     D:9: 1471 daAuts
     D:6: 1368 daAuts
     D:4: 1288 daAuts
    D:10: 1217 daAuts
  Lair:2: 1066 daAuts
     D:2: 1031 daAuts
     D:7: 968 daAuts
  Lair:5: 905 daAuts
     D:1: 849 daAuts
  Lair:1: 790 daAuts
     D:8: 790 daAuts
Gauntlet: 784 daAuts
     D:5: 771 daAuts
